 Dungeon Crawl Stone Soup version 0.25-a0-109-ge9c0e85935 (webtiles) character file.

Game seed: 18080977037392214062, levelgen mode: deterministic

70318 MisterFreud the Peltast (level 15, -2/99 HPs)
             Began as a Gargoyle Fighter on Nov 18, 2019.
             Was the Champion of the Shining One.
             Slain by an orc knight
             ... wielding a +0 great mace
              (31 damage)
             ... on level 2 of the Orcish Mines.
             The game lasted 00:37:10 (19355 turns).

MisterFreud the Peltast (Gargoyle Fighter)         Turns: 19355, Time: 00:37:10

Health: -2/99      AC: 25    Str: 31    XL:     15   Next: 32%
Magic:  0/19       EV:  8    Int:  9    God:    the Shining One [******]
Gold:   1468       SH: 18    Dex:  9    Spells: 14/14 levels left

rFire    . . .     SeeInvis .   M - +1 morningstar
rCold    . . .     Gourm    .   Z - +2 shield {rN+}
rNeg     + + +     Faith    .   R - +0 plate armour
rPois    ∞         Spirit   +   (no helmet)
rElec    +         Reflect  +   t - scarf {Spirit}
rCorr    .         Harm     .   (no gloves)
MR       +....                  (no boots)
Stlth    ..........             o - +2 amulet of reflection
HPRegen  0.26/turn              (no ring)
MPRegen  0.16/turn              (no ring)

@: mighty, flying, glowing
A: big wings, negative energy resistance 1, electricity resistance, unbreathing,
petrification resistance, rot immunity, AC +11
a: Stop Flying, Divine Shield, Cleansing Flame, Summon Divine Warrior, Brand
Weapon With Holy Wrath, Renounce Religion


You were on level 2 of the Orcish Mines.
You worshipped the Shining One.
The Shining One was exalted by your worship.
You were hungry.

You visited 4 branches of the dungeon, and saw 20 of its levels.

You collected 1468 gold pieces.

Inventory:

Hand Weapons
 a - a +0 flail
 g - a +1 morningstar of draining
 M - a +1 morningstar (weapon)
Missiles
 i - 258 arrows
 n - 14 javelins (quivered)
 p - 84 bolts
 F - 17 boomerangs
 V - 7 boomerangs of dispersal
Armour
 t - a scarf of spirit shield (worn)
 R - a +0 plate armour (worn)
 Z - a +2 shield of positive energy (worn)
Jewellery
 o - a +2 amulet of reflection (around neck)
 v - an uncursed ring of ice
 D - an uncursed amulet of guardian spirit
 U - an uncursed ring of fire
 Y - an uncursed ring of fire
Wands
 y - a wand of paralysis (18)
 G - a wand of iceblast (18)
 K - a wand of polymorph (20)
 L - a wand of acid (6)
Scrolls
 m - 3 scrolls of fog
 q - 17 scrolls of remove curse
 w - 3 scrolls of immolation
 x - 4 scrolls of teleportation
 A - 2 scrolls of amnesia
 B - 3 scrolls of enchant weapon
 I - 7 scrolls of identify
 Q - a scroll of enchant armour
 W - a scroll of fear
Potions
 d - a potion of might
 h - 4 potions of haste
 j - 4 potions of brilliance
 k - 2 potions of cancellation
 l - 4 potions of heal wounds
 s - 9 potions of curing
 u - a potion of resistance
 z - 2 potions of mutation
 C - 3 potions of flight
 N - 2 potions of lignification
 T - a potion of ambrosia
Miscellaneous
 e - a lightning rod (4/4)
 E - a phial of floods
 O - 2 sacks of spiders
 P - 2 phantom mirrors
 X - a phial of floods
Comestibles
 b - 3 chunks of flesh
 f - 21 rations


   Skills:
 + Level 13.4 Fighting
 - Level 14.0 Maces & Flails
 - Level 10.0 Armour
 - Level 15.0 Shields
 - Level 6.0 Invocations
 - Level 6.0 Evocations


You had 14 spell levels left.
You didn't know any spells.
Your spell library contained the following spells:

 Spells                   Type           Power        Failure   Level  Hunger
 Corona                   Hex            #......      95%         1    ##.....
 Magic Dart               Conj           #...         95%         1    ##.....
 Summon Small Mammal      Summ           #...         95%         1    ##.....
 Call Imp                 Summ           #.......     99%         2    ###....
 Ensorcelled Hibernation  Hex/Ice        #.....       99%         2    ###....
 Searing Ray              Conj           #.....       99%         2    ###....
 Call Canine Familiar     Summ           #.......     100%        3    ####...
 Confuse                  Hex            #.......     100%        3    ####...
 Dazzling Spray           Conj/Hex       #.....       100%        3    ####...
 Summon Guardian Golem    Hex/Summ       #.......     100%        3    ####...
 Tukima's Dance           Hex            #.......     100%        3    ####...
 Force Lance              Conj/Tloc      #.......     100%        4    #####..
 Fulminant Prism          Conj/Hex       #.........   100%        4    #####..
 Iskenderun's Mystic Bla  Conj           #.......     100%        4    #####..
 Summon Ice Beast         Ice/Summ       #.......     100%        4    #####..
 Summon Lightning Spire   Summ/Air       #.......     100%        4    #####..
 Bolt of Magma            Conj/Fire/Erth #.........   100%        5    ######.
 Iskenderun's Battlesphe  Conj/Chrm      #.......     100%        5    ######.
 Venom Bolt               Conj/Pois      #.........   100%        5    ######.
 Iron Shot                Conj/Erth      #.........   100%        6    #######
 Poison Arrow             Conj/Pois      #.........   100%        6    #######
 Orb of Destruction       Conj           #.........   100%        7    #######
 Spellforged Servitor     Conj/Summ      #.........   100%        7    #######
 Chain Lightning          Conj/Air       #.........   100%        8    #######
 Lehudib's Crystal Spear  Conj/Erth      #.........   100%        8    #######
 Fire Storm               Conj/Fire      #.........   100%        9    #######
 Glaciate                 Conj/Ice       #.........   100%        9    #######


Dungeon Overview and Level Annotations

Branches:
Dungeon (11/15)            Temple (1/1) D:5            Lair (6/6) D:11
  Swamp (0/4) Lair:4       Spider (0/4) Lair:2        Slime (0/5) Lair:6
    Orc (2/2) D:10            Elf (0/3) Orc:2

Altars:
Ashenzari
Cheibriados
Dithmenos
Elyvilon
Fedhas
Hepliaklqana
Kikubaaqudgha
Makhleb
Nemelex Xobeh
Okawaru
Qazlal
Sif Muna
Trog
Uskayaw
Vehumet
Wu Jian
Yredelemnul
Zin
The Shining One
Beogh
Jiyva

Shops:
D:5 }

Annotations:
D:5 2 transporters
D:7 3 runed translucent doors, exclusion: door, Vidiiot's ghost, novice DrFi
Lair:4 exclusion: oklob plant
Lair:6 1 runed translucent door, exclusion: oklob plant


Innate Abilities, Weirdness & Mutations

You are resistant to torment.
Your stone body is resilient. (AC +11)
You are immune to poison.
Your large and strong wings let you fly indefinitely.
You resist negative energy. (rN+)
You are resistant to electric shocks. (rElec)
You can survive without breathing.
You are immune to petrification.
You are immune to rotting.


Message History

You block the orc knight's attack. x2
You completely miss the orc knight.
The orc knight is lightly wounded.
You block the orc knight's attack. You block the orc's attack.
An orc warrior comes into view. It is wielding a +0 war axe.
You impale the orc knight!!
The orc knight is heavily wounded.
The orc knight hits you from afar with a +3 bardiche of protection!!
* * * LOW HITPOINT WARNING * * *
You block the orc knight's attack. You block the orc's attack.
You block the orc knight's attack.
Unknown command.
You feel much better. The orc barely misses you.
The orc knight hits you but does no damage.
The orc priest calls upon Beogh to heal the orc knight.
The orc knight is healed somewhat.
The orc knight closely misses you.
Your plate armour prevents you from hitting the orc knight.
The orc knight is heavily wounded.
The orc knight hits you with a +0 great mace!!
You die...

### ### ##.##
#####.###### ###. #...#
##.#....)@#.##.#..
##..####.......ooo.....#.
#....###).....o..†......
##....###)...........#..
###..#.##)÷....o))......
##.............o)...#....
#.............)[†........
...............$)........
.......................#.


You could see 3 orc knights, an orc warrior, an orc priest and an orc.

Vanquished Creatures
  Kirke (Lair:5)
  An orc warlord (Orc:2)
  4 hydras
  2 two-headed ogres
  A death yak (Lair:4)
  Nergalle (D:11)
  4 orc knights (Orc:2)
  A cyclops (Orc:2)
  An orc sorcerer (Orc:2)
  3 ugly things (D:11)
  7 elephants
  4 black mambas
  A gargoyle (D:10)
  23 spiny frogs
  9 komodo dragons
  2 rime drakes (Lair:3)
  A queen bee (Lair:4)
  5 trolls
  A jumping spider (Lair:2)
  4 tyrant leeches (Lair:6)
  Grinder (D:6)
  A hornet (D:10)
  28 blink frogs
  7 hippogriffs
  5 wyverns
  Eustachio (D:5)
  25 yaks
  2 hogs (Lair:5)
  2 steam dragons
  3 basilisks
  6 vampire mosquitoes (Lair:6)
  3 hungry ghosts
  2 wargs (Orc:2)
  An acid dragon (D:11)
  Edmund (D:6)
  11 water moccasins
  Duvessa (D:5)
  7 porcupines
  3 black bears
  4 ice beasts
  4 phantoms
  5 sky beasts
  2 necrophages
  An eye of draining (D:9)
  11 orc warriors
  7 wolves
  10 ogres
  5 centaurs
  15 crocodiles
  30 bullfrogs
  Dowan (D:5)
  A wyvern skeleton (D:8)
  2 scorpions
  2 troll zombies (D:10)
  32 killer bees
  2 electric eels (Lair:6)
  8 wights
  9 howler monkeys
  6 crimson imps
  A centaur skeleton (D:10)
  15 orc priests
  A bullfrog zombie (D:6)
  4 jellies
  A bullfrog skeleton (D:11)
  A hound (D:9)
  3 iguanas
  17 orc wizards
  A gnoll shaman (D:5)
  15 worker ants
  6 ogre zombies (D:10)
  2 hound zombies
  A worker ant zombie (D:7)
  14 gnolls
  A howler monkey skeleton (D:5)
  9 adders
  2 river rats
  3 shadow imps
  An adder zombie (D:7)
  2 adder skeletons
  4 worms
  4 dart slugs
  11 leopard geckos
  55 orcs
  2 ball pythons
  8 giant cockroaches
  4 goblins (D:2)
  9 hobgoblins
  23 jackals
  7 quokkas
  15 bats
  9 frilled lizards
  3 goblin skeletons (D:10)
  3 goblin zombies (D:10)
  A hobgoblin skeleton (D:10)
  2 hobgoblin zombies (D:10)
  8 kobolds
  3 orc skeletons (D:10)
  12 orc zombies (D:10)
  A quokka zombie (D:5)
  10 rats
637 creatures vanquished.

Vanquished Creatures (others)
  Nessos (Lair:6)
  A centaur (D:10)
  An orc zombie (D:10)
  35 fungi
  54 plants
92 creatures vanquished.

Grand Total: 729 creatures vanquished

Notes
Turn   | Place    | Note
-------+----------+-------------------------------------------
     0 | D:1      | MisterFreud the Gargoyle Fighter began the quest for the
                  | Orb.
     0 | D:1      | Reached XP level 1. HP: 14/14 MP: 1/1
    94 | D:1      | Reached XP level 2. HP: 19/19 MP: 2/2
   361 | D:1      | Reached XP level 3. HP: 17/23 MP: 3/3
   969 | D:2      | Reached XP level 4. HP: 17/28 MP: 4/4
  1045 | D:2      | Found an iron altar of Okawaru.
  1483 | D:2      | Found a shadowy altar of Dithmenos.
  1618 | D:3      | Reached skill level 5 in Maces & Flails
  1618 | D:3      | Reached XP level 5. HP: 29/32 MP: 5/5
  1786 | D:3      | Noticed an ice beast
  1800 | D:3      | Killed an ice beast
  1870 | D:3      | Reached XP level 6. HP: 36/37 MP: 4/6
  2681 | D:4      | Noticed a phantom
  2705 | D:5      | Entered Level 5 of the Dungeon
  2720 | D:5      | Reached XP level 7. HP: 23/41 MP: 5/7
  3019 | D:4      | Found a sparkling altar of Nemelex Xobeh.
  3448 | D:4      | Reached XP level 8. HP: 46/46 MP: 8/8
  3661 | D:5      | Found a transporter.
  3784 | D:5      | Reached skill level 10 in Maces & Flails
  3962 | D:5      | Found a staircase to the Ecumenical Temple.
  3999 | Temple   | Entered the Ecumenical Temple
  4093 | D:5      | Found a transporter.
  4417 | D:5      | Noticed Eustachio
  4462 | D:5      | Killed Eustachio
  4572 | D:5      | Found Yfirghei's Gadget Shoppe.
  4623 | D:5      | Noticed Dowan
  4625 | D:5      | Noticed Duvessa
  4629 | D:5      | Reached skill level 5 in Fighting
  4629 | D:5      | Reached XP level 9. HP: 49/54 MP: 6/9
  4641 | D:5      | Killed Duvessa
  4645 | D:5      | Killed Dowan
  4785 | D:6      | Noticed Edmund
  4804 | D:6      | Killed Edmund
  5032 | D:6      | Noticed Grinder
  5063 | D:6      | Killed Grinder
  5618 | D:7      | Found a basalt altar of Yredelemnul.
  5654 | D:7      | Reached XP level 10. HP: 61/64 MP: 10/10
  5854 | D:7      | Found a runed translucent gate.
  5854 | D:7      | Found a runed translucent gate.
  5854 | D:7      | Found a runed translucent gate.
  5856 | D:7      | Noticed Vidiiot's ghost (novice DrFi)
  5857 | D:7      | Noticed a kobold demonologist
  6010 | D:7      | Found a shimmering blue altar of Sif Muna.
  6088 | D:7      | Found a sparkling altar of Nemelex Xobeh.
  6183 | D:8      | Noticed a two-headed ogre
  6190 | D:8      | Killed a two-headed ogre
  6398 | D:8      | Found a blossoming altar of Fedhas.
  6816 | D:8      | Found an ornate altar of the Wu Jian Council.
  6916 | D:8      | Found a white marble altar of Elyvilon.
  7112 | D:8      | Found a glowing golden altar of the Shining One.
  7183 | D:8      | Became a worshipper of the Shining One
  7510 | D:9      | Reached skill level 4 in Shields
  7527 | D:9      | Reached skill level 5 in Shields
  7677 | D:9      | Reached XP level 11. HP: 68/68 MP: 11/11
  7833 | D:9      | Reached skill level 6 in Shields
  7886 | D:9      | Reached * piety under the Shining One
  7940 | D:9      | Reached skill level 7 in Shields
  8152 | D:10     | Entered Level 10 of the Dungeon
  8496 | D:10     | Found a staircase to the Orcish Mines.
  8497 | D:10     | Reached ** piety under the Shining One
  8511 | D:10     | Reached skill level 8 in Shields
  8573 | D:10     | Reached *** piety under the Shining One
  8961 | D:10     | Reached **** piety under the Shining One
  8994 | D:10     | Reached skill level 9 in Shields
  9444 | D:10     | Reached skill level 10 in Shields
  9509 | D:10     | Noticed a two-headed ogre
  9520 | D:10     | Killed a two-headed ogre
  9862 | D:11     | Noticed a white ugly thing
  9871 | D:11     | Killed a white ugly thing
  9871 | D:11     | Reached skill level 11 in Shields
  9879 | D:11     | Noticed a purple ugly thing
  9895 | D:11     | Killed a purple ugly thing
  9919 | D:11     | Noticed Nergalle
  9941 | D:11     | Killed Nergalle
  9945 | D:11     | Reached XP level 12. HP: 36/73 MP: 10/12
 10125 | D:11     | Found a staircase to the Lair.
 10287 | D:11     | Reached skill level 12 in Shields
 10790 | Lair:1   | Entered Level 1 of the Lair of Beasts
 11479 | Lair:1   | Reached skill level 13 in Shields
 12652 | Lair:2   | Noticed a five-headed hydra
 12663 | Lair:2   | Killed a five-headed hydra
 12800 | Lair:2   | Reached skill level 14 in Shields
 12839 | Lair:2   | Found a hole to the Spider Nest.
 13159 | Lair:2   | Reached XP level 13. HP: 78/78 MP: 13/13
 13724 | Lair:4   | Reached skill level 15 in Shields
 13748 | Lair:4   | Reached skill level 1 in Invocations
 13827 | Lair:4   | Reached ***** piety under the Shining One
 13845 | Lair:4   | Reached skill level 1 in Evocations
 13917 | Lair:4   | Gained mutation: Your large and strong wings let you fly
                  | indefinitely. [Gargoyle growth]
 13917 | Lair:4   | Reached XP level 14. HP: 84/84 MP: 16/16
 13942 | Lair:4   | Found a staircase to the Swamp.
 14558 | Lair:3   | Reached skill level 5 in Invocations
 15433 | Lair:5   | Reached skill level 5 in Evocations
 15697 | Lair:5   | Noticed Kirke
 15834 | Lair:5   | Killed Kirke
 16285 | Lair:6   | Entered Level 6 of the Lair of Beasts
 16348 | Lair:6   | Reached skill level 10 in Armour
 16668 | Lair:6   | Reached skill level 10 in Fighting
 17100 | Lair:6   | Noticed Nessos
 17107 | Lair:6   | Reached XP level 15. HP: 76/95 MP: 16/19
 17112 | Lair:6   | Killed Nessos
 17734 | Lair:6   | Found a runed translucent door.
 18000 | Lair:6   | Found a viscous altar of Jiyva.
 18001 | Lair:6   | Found a staircase to the Slime Pits.
 18001 | Lair:6   | Noticed an azure jelly
 18001 | Lair:6   | Noticed an azure jelly
 18210 | Orc:1    | Entered Level 1 of the Orcish Mines
 18351 | Orc:2    | Entered Level 2 of the Orcish Mines
 18351 | Orc:2    | Found a roughly hewn altar of Beogh.
 18351 | Orc:2    | Noticed an orc warlord
 18371 | Orc:2    | Killed an orc warlord
 18930 | Orc:2    | Reached ****** piety under the Shining One
 19151 | Orc:2    | Found a staircase to the Elven Halls.
 19353 | Orc:2    | HP: 1/99 [orc knight/+3 bardiche of protection (30)]
 19355 | Orc:2    | Slain by an orc knight

Levels and vault maps discovered:
D:1:      dpeg_arrival_stone_temple_mockup, layout_basic
D:2:      layout_loops_ring, okawaru_trees_2, lemuel_coloured_pillars_altar
D:3:      layout_loops_corners, minmay_between
D:4:      layout_rooms, first_ration, lemuel_altar_in_water
D:5:      gammafunk_wand_slinger, layout_cave_pods, minmay_temple_entry_statues,
          serial_shops, shop, uniq_eustachio, uniq_duvessa
D:6:      layout_loops_ring, gup_sewer_entry_bubbles, uniq_grinder, uniq_edmund
D:7:      layout_rooms, yredelemnul_altar_generic, nemelex_altar_shiori,
          gammafunk_ghost_nasty_kobolds, led_sif_book
D:8:      layout_basic, lemuel_doored_altar, nicolae_overflow_hidden_temple,
          fedhas_altar_2, tso_altar
D:9:      layout_basic
D:10:     layout_stronghold, zombieorc2_lemuel
D:11:     layout_layer_cave, lair_entry_dummy, uniq_nergalle
Temple:   eino_wide_crystal_templ
Lair:1:   layout_small_grid
Lair:2:   layout_cave_pods, spider_nest_entry_a
Lair:3:   regret_index_wax_grids, layout_regular_city
Lair:4:   layout_cave_shapes, swamp_mist, grunt_megastairs_3,
          minmay_lair_oklob_chamber
Lair:5:   layout_roguey, lemuel_another_geyser, uniq_kirke
Lair:6:   minmay_lair_end_frog_pond, layout_misc_corridors, slime_altar_2,
          chequers_serial_rivers_small_3, fungi_pond_lemuel, uniq_nessos
Orc:1:    layout_caves
Orc:2:    st_orc_pillars, layout_diamond_mine, basic_altar, mines2_david,
          uniq_sonja, uniq_jorgrun

Skill      XL: |  1  2  3  4  5  6  7  8  9 10 11 12 13 14 15 |
---------------+----------------------------------------------+-----
Maces & Flails | 3 4 5 6 7 9 10 11 14 | 14.0
Fighting       | 5 8 11 13 | 13.4
Shields        | 5 11 14 15 | 15.0
Armour         | 9 10 | 10.0
Invocations    | 3 6 |  6.0
Evocations     | 1 6 |  6.0

Action                   |  1- 3 |  4- 6 |  7- 9 | 10-12 | 13-15 || total
-------------------------+-------+-------+-------+-------+-------++-------
Melee: Flail             |   209 |   274 |    45 |       |       ||   528
       Morningstar       |       |       |   322 |   899 |  1025 ||  2246
       Unarmed           |       |       |       |       |     7 ||     7
 Abil: Fly               |       |       |       |       |     1 ||     1
Evoke: Wand              |       |       |       |       |     3 ||     3
  Use: Scroll            |       |     3 |     3 |    21 |     3 ||    30
       Potion            |       |       |       |     1 |     9 ||    10
  Eat: Chunk             |     1 |     6 |    10 |    26 |    17 ||    60
       Ration            |       |       |       |     2 |     1 ||     3
Armor: Scale mail        |   154 |   134 |   195 |   271 |   121 ||   875
       Plate armour      |       |       |       |       |   311 ||   311
Dodge: Dodged            |    92 |    78 |   111 |   207 |   262 ||   750
Block: Shield            |   129 |   154 |   212 |   481 |  1013 ||  1989
       Reflection        |       |     1 |     6 |    10 |     9 ||    26
       Other             |       |       |       |       |     2 ||     2

Table legend:
 A = Non-vault XP
 B = Vault XP
 C = Vault XP percentage of total XP
 D = Non-vault monster count
 E = Vault monster count
 F = Vault count percentage of total count
                 A         B        C        D         E       F
            +---------+---------+-------+---------+---------+-------
      Total |   51496 |   28835 |  35.9 |     463 |     176 |  27.5
            +---------+---------+-------+---------+---------+-------
        D:1 |      60 |       0 |   0.0 |      34 |       0 |   0.0
        D:2 |      92 |       0 |   0.0 |      24 |       0 |   0.0
        D:3 |     252 |      19 |   7.0 |      35 |       4 |  10.3
        D:4 |     791 |       0 |   0.0 |      25 |       0 |   0.0
        D:5 |     934 |     440 |  32.0 |      28 |       3 |   9.7
        D:6 |    1386 |     455 |  24.7 |      25 |       7 |  21.9
        D:7 |    1090 |       0 |   0.0 |      15 |       0 |   0.0
        D:8 |    2323 |       0 |   0.0 |      34 |       0 |   0.0
        D:9 |    2895 |       0 |   0.0 |      42 |       0 |   0.0
       D:10 |    5143 |     777 |  13.1 |      31 |      35 |  53.0
       D:11 |    4056 |     800 |  16.5 |      24 |       1 |   4.0
     Lair:1 |    3302 |       0 |   0.0 |      16 |       0 |   0.0
     Lair:2 |    3846 |     306 |   7.4 |      18 |       1 |   5.3
     Lair:3 |    1660 |    4756 |  74.1 |       9 |      40 |  81.6
     Lair:4 |    3840 |    3160 |  45.1 |      15 |      13 |  46.4
     Lair:5 |    7074 |    2498 |  26.1 |      19 |       3 |  13.6
     Lair:6 |    5413 |   14598 |  72.9 |      23 |      49 |  68.1
      Orc:1 |     600 |       0 |   0.0 |       7 |       0 |   0.0
      Orc:2 |    6739 |    1026 |  13.2 |      39 |      20 |  33.9
            +---------+---------+-------+---------+---------+-------
